 Dungeon Crawl Stone Soup version 0.28-a0-556-gab23d0e057 (webtiles) character file.

Game seed: 18251094580029553423

11472 kae the Severer (level 11, 0/107 HPs)
             Began as a Hill Orc Fighter on Sept 28, 2021.
             Was a Follower of Qazlal.
             Slain by a two-headed ogre (9 damage)
             ... on level 9 of the Dungeon.
             The game lasted 00:14:48 (17353 turns).

kae the Severer (Hill Orc Fighter)                 Turns: 17353, Time: 00:14:48

Health: 0/107      AC: 13    Str: 20    XL:     11   Next: 78%
Magic:  12/12      EV:  9    Int:  8    God:    Qazlal [*.....]
Gold:   2093       SH:  6    Dex: 10    Spells: 10/10 levels left

rFire   . . .      SeeInvis .   a - +1 war axe
rCold   . . .      Faith    .   c - +0 buckler
rNeg    . . .      Spirit   .   b - +1 scale mail
rPois   +          Reflect  .   B - +1 helmet
rElec   .          Harm     .   (no cloak)
rCorr   +          Rampage  .   A - +2 pair of gloves
Will    +....                   (no boots)
Stlth   ..........              (no amulet)
HPRegen 0.27/turn               o - ring of willpower
MPRegen 0.13/turn               m - ring of Keockiva {Wiz +Blink rPois rCorr Str-3}

@: no status effects
A: no striking features
a: Renounce Religion, Evoke Blink


You were on level 9 of the Dungeon.
You worshipped Qazlal.
Qazlal was aware of your devotion.
You visited 2 branches of the dungeon, and saw 10 of its levels.
You also visited: Sewer and Ossuary.

You collected 2258 gold pieces.
You spent 165 gold pieces at shops.

Inventory:

Hand Weapons
 a - a +1 war axe (weapon)
 z - a +0 battleaxe
Armour
 b - a +1 scale mail (worn)
 c - a +0 buckler (worn)
 A - a +2 pair of gloves (worn)
 B - a +1 helmet (worn)
Jewellery
 j - a ring of magical power
 m - the ring of Keockiva (right hand) {Wiz +Blink rPois rCorr Str-3}
   (You bought it in a shop on level 4 of the Dungeon)

   [ring of wizardry]

   It improves your spell success rate.
   Str:       It affects your strength (-3).
   rPois:     It protects you from poison.
   +Blink:    It lets you blink.
   rCorr:     It protects you from acid and corrosion.
 o - a ring of willpower (left hand)
 D - a +4 ring of protection
Wands
 f - a wand of charming (13)
Scrolls
 d - a scroll of blinking
 e - a scroll of amnesia
 g - a scroll of teleportation
 l - 5 scrolls of identify
 q - 4 scrolls of enchant armour
 r - 2 scrolls of fog
 s - a scroll of fear
 y - a scroll of summoning {unknown}
Potions
 h - a potion of flight
 i - 4 potions of attraction
 n - 3 potions of heal wounds
 p - a potion of haste
 t - a potion of degeneration
 u - a potion of berserk rage
 v - a potion of ambrosia
 w - a potion of magic
 x - a potion of resistance
 C - a potion of curing
Miscellaneous
 k - a piece from Xom's chessboard (15/15)


   Skills:
 + Level 13.0 Fighting
 * Level 18.9 Axes
 - Level 3.2 Armour
 - Level 3.2 Shields
 + Level 2.2 Invocations


You had 10 spell levels left.
You didn't know any spells.
Your spell library contained the following spells:

 Spells                   Type           Power      Damage    Failure   Level
 Static Discharge         Conj/Air       0%         N/A       58%         2
 Dazzling Flash           Conj/Hex       0%         N/A       82%         3
 Agony                    Necr           0%         N/A       100%        5
 Lightning Bolt           Conj/Air       0%         1d11      100%        5
 Silence                  Hex/Air        0%         N/A       100%        5
 Maxwell's Capacitive Co  Air            0%         ∞         100%        8


Dungeon Overview and Level Annotations

Branches:
Dungeon (9/15)             Temple (1/1) D:7            Lair (0/6) D:8
  Sewer (visited)         Ossuary (visited)
    Orc: D:9-12

Altars:
Ashenzari
Cheibriados
Dithmenos
Elyvilon
Fedhas
Gozag
Hepliaklqana
Kikubaaqudgha
Makhleb
Nemelex Xobeh
Okawaru
Qazlal
Ru
Sif Muna
Trog
Uskayaw
Vehumet
Wu Jian
Xom
Yredelemnul
Zin
The Shining One

Shops:
D:4 *

Annotations:
D:6 2 transporters, PanSaczeczos's ghost, novice DjCj
D:7 3 runed translucent doors, NigelTetley's ghost, novice TrFi


Message History

You now have 2093 gold pieces (gained 11).
Things that are here:
a +0 spear; a +0 ring mail; a +0 kite shield
There is a stone staircase leading up here.
You start resting.
HP restored.
Things that are here:
a +0 spear; a +0 ring mail; a +0 kite shield
Things that are here:
a +0 shortbow; 22 arrows
Items here: ( )))) [.
The two-headed ogre shouts in stereo!
A two-headed ogre is nearby!
A two-headed ogre is nearby!
You completely miss the two-headed ogre.
The two-headed ogre hits you with a +0 giant spiked club!
The two-headed ogre hits you with a +0 giant club!
You slice the two-headed ogre!!
The two-headed ogre is heavily wounded.
The two-headed ogre hits you with a +0 giant spiked club!!
The two-headed ogre hits you with a +0 giant club!
You are too injured to fight recklessly!
You are too injured to fight recklessly!
You are too injured to fight recklessly!
You are too injured to fight recklessly!
You hit the two-headed ogre but do no damage.
The two-headed ogre is moderately wounded.
You barely miss the two-headed ogre.
The two-headed ogre is moderately wounded.
You block the two-headed ogre's attack.
The two-headed ogre hits you with a +0 giant club!!
* * * LOW HITPOINT WARNING * * *
You hit the two-headed ogre.
The two-headed ogre is heavily wounded.
You hit the two-headed ogre.
The two-headed ogre is heavily wounded.
The two-headed ogre hits you with a +0 giant spiked club!
* * * LOW HITPOINT WARNING * * *
The two-headed ogre hits you with a +0 giant club!
You die...

)...≈≈≈≈≈≈≈≈≈≈≈≈≈≈≈≈≈≈≈....#....#
....≈≈≈≈≈≈)≈≈≈≈≈≈≈≈≈≈≈≈....#....#
.....................P.....#....#
.......................<........#
...[.............................
.....##'##.................).....
.....#...#.......................
.....#...#.........).......###'##
...[.#...#....)O@..........#....#
.....###'#......#########..#.....
...............[[(......#..#.....
................#.......#..#.....
####.....(..#..[....#..#.....
#.......[##<.....#..#.....
#.........#.)....#..#..... .#
#.........##....[#..#..... .#
#..........#.....#..#....(


You could see a two-headed ogre.

Vanquished Creatures
  A two-headed ogre (D:9)
  An orc sorcerer (D:9)
  2 kobold demonologists
  4 trolls (D:9)
  2 hornets
  A shadow (D:8)
  Sigmund (D:5)
  3 wyverns
  A yak (D:9)
  6 wargs (D:9)
  Edmund (D:5)
  3 floating eyes (D:9)
  2 hell hounds (D:9)
  7 water moccasins
  4 ice beasts
  3 black bears
  A hornet zombie (D:5)
  3 sky beasts
  3 ogres
  6 orc warriors
  3 centaurs
  2 phantoms
  11 kobold brigands
  6 bullfrogs
  6 gnoll sergeants (D:9)
  7 scorpions
  2 killer bees (D:9)
  6 howler monkeys (D:9)
  3 centaur zombies (D:9)
  A hound (D:5)
  2 bullfrog skeletons
  2 centaur skeletons (D:7)
  2 gnoll shamans (D:9)
  4 orc priests
  3 iguanas
  13 orc wizards
  Natasha (D:2)
  A killer bee zombie (D:9)
  9 mummies
  3 howler monkey zombies
  A howler monkey skeleton (D:7)
  12 adders
  4 gnolls (D:4)
  2 shadow imps
  A white imp (D:5)
  2 adder skeletons (D:4)
  6 worms
  3 dart slugs
  15 orcs
  17 ball pythons
  21 endoplasms
  11 giant cockroaches
  A gnoll zombie (Ossuary)
  10 goblins
  4 hobgoblins
  11 jackals
  11 kobolds
  10 quokkas
  13 bats
  10 frilled lizards
  2 hobgoblin zombies
  4 kobold zombies (Ossuary)
  3 orc zombies
  5 rats
321 creatures vanquished.

Vanquished Creatures (others)
  An orc wizard (D:9)
  2 orcs
  4 demonic plants (D:3)
  5 fungi
  21 plants
  4 withered plants (D:3)
37 creatures vanquished.

Grand Total: 358 creatures vanquished

Notes
Turn   | Place    | Note
-------+----------+-------------------------------------------
     0 | D:1      | kae the Hill Orc Fighter began the quest for the Orb.
     0 | D:1      | Reached XP level 1. HP: 19/19 MP: 1/1
    44 | D:1      | Found Jidghooxo's Armour Shoppe.
    56 | D:1      | Reached skill level 3 in Axes
   180 | D:1      | Reached XP level 2. HP: 27/27 MP: 2/2
   477 | D:1      | Reached skill level 4 in Axes
   499 | D:1      | Reached XP level 3. HP: 33/33 MP: 3/3
  1777 | D:2      | Reached XP level 4. HP: 38/41 MP: 4/4
  1830 | D:2      | Reached skill level 5 in Axes
  1972 | D:2      | Noticed Natasha
  1981 | D:2      | Killed Natasha
  2377 | D:3      | Found a glowing drain.
  2412 | Sewer    | Entered a sewer
  2421 | Sewer    | Reached XP level 5. HP: 45/47 MP: 5/5
  2618 | Sewer    | Reached skill level 6 in Axes
  2797 | Sewer    | Reached skill level 5 in Fighting
  3260 | Sewer    | Reached skill level 7 in Axes
  3260 | Sewer    | Reached XP level 6. HP: 8/56 MP: 6/6
  3762 | D:3      | Found a faded altar of an unknown god.
  4431 | D:4      | Reached skill level 8 in Axes
  4438 | D:4      | Reached XP level 7. HP: 52/63 MP: 7/7
  5146 | D:4      | Found Votoaleg's Assorted Antiques.
  5192 | D:4      | Bought a twitching amber ring for 105 gold pieces
  5192 | D:4      | Identified the ring of Keockiva {Wiz +Blink rPois rCorr
                  | Str-3} (You bought it in a shop on level 4 of the Dungeon)
  5192 | D:4      | Bought a yellow potion for 18 gold pieces
  5192 | D:4      | Bought a scroll of identify for 42 gold pieces
  5470 | D:4      | Found a basalt altar of Yredelemnul.
  5470 | D:4      | Found a radiant altar of Vehumet.
  5476 | D:4      | Reached skill level 9 in Axes
  5764 | D:5      | Entered Level 5 of the Dungeon
  5788 | D:5      | Reached XP level 8. HP: 34/73 MP: 8/8
  5985 | D:5      | Noticed Edmund
  6001 | D:5      | Killed Edmund
  6002 | D:5      | Reached skill level 10 in Axes
  6178 | D:5      | Noticed a wyvern
  6396 | D:5      | Killed a wyvern
  6582 | D:5      | Reached skill level 11 in Axes
  7219 | D:5      | Reached skill level 12 in Axes
  7219 | D:5      | Reached XP level 9. HP: 30/82 MP: 9/9
  7461 | D:5      | Noticed Sigmund
  8124 | D:5      | Noticed a kobold demonologist
  8150 | D:5      | Noticed a sun demon
  8151 | D:5      | Noticed a red devil
  8157 | D:5      | Killed a kobold demonologist
  8158 | D:5      | Reached skill level 13 in Axes
  8175 | D:5      | Killed Sigmund
  8661 | D:6      | Found a transporter.
  8664 | D:6      | Noticed PanSaczeczos's ghost (novice DjCj)
  8665 | D:6      | Found a transporter.
  8665 | D:6      | Noticed a five-headed hydra
  9187 | D:6      | Reached skill level 14 in Axes
  9212 | D:6      | Found a sand-covered staircase.
  9219 | Ossuary  | Entered an ossuary
  9799 | D:7      | Reached skill level 10 in Fighting
 10035 | D:7      | Found a runed translucent gate.
 10036 | D:7      | Found a runed translucent gate.
 10037 | D:7      | Found a runed translucent gate.
 10127 | D:7      | Reached XP level 10. HP: 86/93 MP: 10/10
 10506 | D:7      | Reached skill level 15 in Axes
 10826 | D:7      | Found a staircase to the Ecumenical Temple.
 10845 | Temple   | Entered the Ecumenical Temple
 11626 | D:7      | Noticed NigelTetley's ghost (novice TrFi)
 12213 | D:8      | Reached skill level 16 in Axes
 12402 | D:8      | Found a staircase to the Lair.
 12628 | D:9      | Identified a scroll of acquirement
 12628 | D:9      | Acquired 839 gold pieces
 13227 | D:9      | Reached skill level 17 in Axes
 13242 | D:9      | Reached XP level 11. HP: 57/104 MP: 11/11
 13495 | D:9      | Noticed a two-headed ogre
 13551 | D:9      | HP: 4/104 [two-headed ogre (7)]
 13553 | D:9      | Killed a two-headed ogre
 14263 | D:9      | Noticed a two-headed ogre
 14272 | D:9      | HP: 4/104 [two-headed ogre (17)]
 14693 | D:9      | Found a snail-covered altar of Cheibriados.
 14700 | D:9      | Found a hide-covered altar of Uskayaw.
 14701 | D:9      | Found a white marble altar of Elyvilon.
 14702 | D:9      | Found a broken altar of Ashenzari.
 14702 | D:9      | Found a shimmering altar of Xom.
 14702 | D:9      | Found a hazy altar of Hepliaklqana.
 14702 | D:9      | Found a stormy altar of Qazlal.
 14703 | D:9      | Found a shimmering blue altar of Sif Muna.
 14706 | D:9      | Found a sparkling altar of Nemelex Xobeh.
 14707 | D:9      | Found a glowing silver altar of Zin.
 14810 | D:9      | Became a worshipper of Qazlal Stormbringer
 15153 | D:9      | Noticed a sun demon
 15376 | D:9      | Reached skill level 18 in Axes
 16614 | D:9      | Noticed a cyclops
 16710 | D:9      | Noticed an orc sorcerer
 16729 | D:9      | Killed an orc sorcerer
 16993 | D:9      | Paralysed by a floating eye for 3 turns
 17005 | D:9      | Reached skill level 1 in Invocations
 17008 | D:9      | Paralysed by a floating eye for 4 turns
 17016 | D:9      | Reached * piety under Qazlal
 17016 | D:9      | Paralysed by a floating eye for 3 turns
 17353 | D:9      | Slain by a two-headed ogre

Illustrated notes

Levels and vault maps discovered:
D:1:      dpeg_arrival_another_circle, layout_loops_corners, serial_shops,
          nicolae_diamond_shop, minmay_misc_feat_iff, minmay_heptomino_d4
D:2:      layout_basic, uniq_natasha
D:3:      layout_basic, shapermc_ecumenical_altar_gd,
          cheibrodos_sewer_entry_bend, serial_bayou_ford_a
D:4:      layout_loops_corners, grunt_temple_overflow_open, serial_bayou,
          serial_bayou_crossing, serial_bayou_pond_a, serial_bayou_shore_a,
          serial_bayou_lake_a, serial_bayou_pond_c, serial_shops, shop
D:5:      minmay_polygon_palace, layout_rooms, uniq_sigmund, uniq_edmund
D:6:      layout_basic, gammafunk_ghost_arena, nicolae_ossuary_entry_giza
D:7:      layout_gridville, minmay_temple_entry_grid, gammafunk_ghost_icy,
          minmay_fractal_squares_gapless_5
D:8:      layout_rooms, lair_entry_dummy
D:9:      lemuel_castle_with_subvaults [lemuel_castle_interior_carwin_1],
          layout_irregular_city, minitemple, serial_shops, nicolae_shop_trees,
          minivault_19, onia_ninara_cookie
Temple:   eino_wide_crystal_templ

Skill      XL: |  1  2  3  4  5  6  7  8  9 10 11 |
---------------+----------------------------------+-----
Axes           | 3 4 5 7 8 9 12 14 17 18 | 18.9
Fighting       | 4 5 6 7 8 10 11 13 | 13.0
Invocations    | 2 |  2.2
Armour         | |  3.2
Shields        | |  3.2

Action                   |  1- 3 |  4- 6 |  7- 9 | 10-12 || total
-------------------------+-------+-------+-------+-------++-------
Melee: War axe           |   121 |   226 |   307 |   567 ||  1221
Evoke: Wand              |       |       |     2 |     2 ||     4
  Use: Scroll            |     4 |     7 |     9 |     7 ||    27
       Potion            |       |     2 |     1 |     3 ||     6
Armor: Scale mail        |    56 |   100 |    96 |   196 ||   448
Dodge: Dodged            |    54 |   102 |    90 |   175 ||   421
Block: Buckler           |    31 |    53 |    40 |    92 ||   216

Table legend: (Time is in decaauts)
 A = Elapsed time spent in this place.
 B = Non-inter-level travel time spent in this place.
 C = Inter-level travel time spent in this place.
 D = Time resting spent in this place.
 E = Time spent auto-exploring this place.
 F = Levels seen in this place.
 G = Mean time per level.
                   A        B        C        D        E       F      G
               +--------+--------+--------+--------+--------+-----+--------+
         Total |  17460 |  17036 |    424 |   4762 |   9723 |  12 | 1455.0 |
       Dungeon |  15567 |  15149 |    418 |   4498 |   8513 |   9 | 1729.7 |
        Temple |    129 |    123 |      6 |      0 |    115 |   1 |  129.0 |
         Sewer |   1308 |   1308 |      0 |    136 |    861 |   1 | 1308.0 |
       Ossuary |    454 |    454 |      0 |    128 |    233 |   1 |  454.0 |
               +--------+--------+--------+--------+--------+-----+--------+

Top non-repeatable levels by time:
     D:9: 3483 daAuts
     D:5: 2591 daAuts
     D:8: 2118 daAuts
     D:4: 1615 daAuts
     D:7: 1516 daAuts
   Sewer: 1308 daAuts
     D:1: 1290 daAuts
     D:2: 1109 daAuts
     D:6: 967 daAuts
     D:3: 874 daAuts
 Ossuary: 454 daAuts
  Temple: 129 daAuts
